[Event "Live Chess"]
[Site "Chess.com"]
[Date "2023.05.20"]
[Round "-"]
[White "FlyingChessKestrel13"]
[Black "viktorskliarov"]
[Result "0-1"]
[WhiteElo "2125"]
[BlackElo "2653"]
[TimeControl "300"]
[EndTime "12:52:44 PDT"]
[Termination "viktorskliarov won by resignation"]

1. e4 c5 2. Nc3 Nc6 3. g3 g6 4.
Bg2 Bg7 5. d3 d6 6. Nge2 Rb8 7.
O-O b5 8. Be3 b4 9. Na4 Qa5 10. c3 bxc3 11. bxc3 Nf6 12. d4 Ng4 13. e5 Bd7 14. Rb1 O-O 15. exd6 Nxe3 16. fxe3 Rxb1 17.
Qxb1 Qxa4 18. Qb6 0-1

[Event "Live Chess"]
[Site "Chess.com"]
[Date "2023.05.20"]
[Round "-"]
[White "Jonmill"]
[Black "blunderabit"]
[Result "0-1"]
[WhiteElo "1227"]
[BlackElo "1890"]
[TimeControl "300"]
[EndTime "12:53:02 PDT"]
[Termination "blunderabit won by checkmate"]

1. e4 c5 2. Nc3 Nc6 3. Bb5 Nd4 4. f4 a6 5. Be2 g6 6. Nf3 Bg7 7. O-O Nh6 8. h3 O-O 9. e5 Nhf5 10. Ne4 d6 11. Nxd4 Nxd4 12. Bc4 d5 13. Nxc5 dxc4 14. c3 Qd5 15. cxd4 Qxd4+ 16. Kh1 Qxc5 17. d4 cxd3 18. Qxd3 Bf5 19. Qb3 Qb5 20. Qf3 Be4 21. Qd1 Rfd8 22.
Qe1 Qd5 23. Qg3 Qd3 24. Qxd3 Rxd3 25. b3 Rc8 26. Ba3 Rc2 27. Rg1 Rxh3# 0-1

[Event "Live Chess"]
[Site "Chess.com"]
[Date "2023.05.20"]
[Round "-"]
[White "PiotrD11"]
[Black "siddu198"]
[Result "0-1"]
[WhiteElo "1337"]
[BlackElo "1628"]
[TimeControl "300"]
[EndTime "12:53:06 PDT"]
[Termination "siddu198 won by resignation"]

1. e4 e5 2. Nf3 Nc6 3. Bc4 Bc5 4.
O-O Nf6 5. d3 O-O 6. a4 h6 7.
Na3 d6 8. h3 Be6 9. Bxe6 fxe6 10.
b3 Nh7 11. Nc4 Qf6 12. Be3 b6 13. Ncd2 Qg6 14. Nh4 Qf6 15. Nhf3 Rf7 16. c3 a5 17. d4 exd4 18. cxd4 Bxd4 19. Bxd4 Nxd4 20. Nxd4 Qxd4 21. Qe2 Raf8 22. Nf3 Qf6 23. Rac1 Qg6 24. Kh2 Ng5 25. Nh4 Qf6 26. Rc3 Qxc3 27. Ng6 Nf3+ 28.
gxf3 Rxf3 29. Nxf8 Rxh3+ 30. Kg2 Kxf8 31. f3 Rh5 32.
Kf2 Rh2+ 0-1

[Event "Live Chess"]
[Site "Chess.com"]
[Date "2023.05.20"]
[Round "-"]
[White "OceanFloater"]
[Black "chessleanstrategist"]
[Result "1-0"]
[WhiteElo "982"]
[BlackElo "399"]
[TimeControl "300"]
[EndTime "12:53:14 PDT"]
[Termination "OceanFloater won on time"]

1. e4 d6 2. d4 Nf6 3. Nc3 g6 4.
e5 dxe5 5. dxe5 Qxd1+ 6. Nxd1 Nfd7 7. Nf3 Bg7 8. Bf4 Nc6 9. Bb5 a6 10. Bxc6 bxc6 11. O-O O-O 12. Ne3 Nxe5 13. Nxe5 Bxe5 14. Bxe5 f6 15. Bxc7 Bb7 16. Rad1 e5 17. Rd6 Rac8 18. Bb6 f5 19. Rfd1 Rce8 20. Rd7 e4 21. Rxb7 Rb8 22.
Rxb8 Rxb8 23. Bd4 Rd8 24. b4 f4 25. Ng4 f3 26. gxf3 exf3 27. Ne5 Rf8 28. Nxc6 1-0

[Event "Live Chess"]
[Site "Chess.com"]
[Date "2023.05.20"]
[Round "-"]
[White "ACx04"]
[Black "LL220284LL"]
[Result "0-1"]
[WhiteElo "429"]
[BlackElo "2400"]
[TimeControl "300"]
[EndTime "12:53:17 PDT"]
[Termination "LL220284LL won by checkmate"]

1. e4 g5 2. Bc4 Bg7 3. Nf3 e6 4. Nxg5 Qxg5 5. O-O d5 6. exd5 exd5 7. Be2 Ne7 8. d4 O-O 9. Bxg5 Nf5 10. Bg4 Nxd4 11.
Qxd4 Bxd4 12. Nc3 Bxg4 13. h3 Bxc3 14. bxc3 Be6 15. Bf4 c5 16. Bxb8 Raxb8 17. c4 d4 18. Rad1 Bxc4 19. Rc1 Bxf1 20. c3 b5 21. cxd4 Bc4 22.
a3 cxd4 23. a4 d3 24. f4 d2 25. Rd1 Rfd8 26. axb5 Bb3 27. b6 Bxd1 28. bxa7 Rb1 29. f5 Bf3+ 30. Kh2 d1=Q 31. Kg3 Qg1 32. Kxf3 Rd3+ 33.
Kg4 Qxg2+ 34. Kh4 Rxh3# 0-1

[Event "Live Chess"]
[Site "Chess.com"]
[Date "2023.05.20"]
[Round "-"]
[White "RoaringKnights"]
[Black "Missedidea"]
[Result "0-1"]
[WhiteElo "991"]
[BlackElo "1658"]
[TimeControl "300"]
[EndTime "12:53:18 PDT"]
[Termination "Missedidea won by checkmate"]

1. e4 c5 2. Nf3 d6 3. Bc4 e6 4. d3 a6 5. e5 b5 6. Bb3 d5 7.
a4 c4 8. dxc4 dxc4 9. Qxd8+ Kxd8 10. Ba2 Nc6 11. Nc3 b4 12. Ne2 Na5 13. Bg5+ Be7 14.
Bxe7+ Nxe7 15. Rd1+ Ke8 16. b3 c3 17. O-O Bb7 18. Nfd4 Nd5 19. Ng3 Ke7 20. f4 g6 21.
Nf3 h6 22. Rfe1 Nxf4 23. Rd4 Nd5 24. Red1 Rad8 25. Ne2 g5 26. h3 Rd7 27. h4 Rg8 28. hxg5 hxg5 29. Ng3 Nc6 30. R4d3 a5 31. Nh5 Nb8 32.
Nf6 Nxf6 33. exf6+ Ke8 34. Rxd7 Nxd7 35. Rd6 Nxf6 36.
Rb6 Bxf3 37. gxf3 g4 38. fxg4 Rxg4+ 39. Kf2 Rg5 40. Rb8+ Ke7 41. Rb7+ Kf8 42. Ke3 Rd5 43. Kf4 Nd7 44. Ke4 Ke7 45. Ra7 f5+ 46. Ke3 Kf6 47. Kf4 e5+ 48. Ke3 Kg5 49. Kf3 e4+ 50. Ke3 Ne5 51. Rg7+ Ng6 52. Ra7 Kf6 53. Ra6+ Kg5 54.
Bb1 Ne5 55. Ke2 Kf4 56. Ke1 Ke3 57.
Ba2 f4 58. Bb1 f3 59. Ba2 f2+ 60. Kf1 Rd1+ 61. Kg2 f1=Q+ 62. Kg3 Qf3+ 63. Kh4 Qg4# 0-1

[Event "Live Chess"]
[Site "Chess.com"]
[Date "2023.05.20"]
[Round "-"]
[White "GEMdzq"]
[Black "KeithArkell"]
[Result "0-1"]
[WhiteElo "2292"]
[BlackElo "2612"]
[TimeControl "300"]
[EndTime "12:53:19 PDT"]
[Termination "KeithArkell won by resignation"]

1. e4 c6 2. d4 d5 3. e5 c5 4.
dxc5 Nc6 5. Bb5 e6 6. Be3 Ne7 7. Nf3 Nf5 8. Bd4 Nxd4 9. Qxd4 Qa5+ 10.
Nc3 Qxb5 11. Nxb5 Nxd4 12. Nfxd4 Bxc5 13. O-O-O Ke7 14. a3 Bd7 15. Nc3 Rhc8 16. Rd3 a6 17. Rhd1 b5 18. b4 Bxd4 19. Nxd5+ exd5 20. Rxd4 Be6 21. g4 g5 0-1

[Event "Live Chess"]
[Site "Chess.com"]
[Date "2023.05.20"]
[Round "-"]
[White "Duke_of_Bebington"]
[Black "mightysmasher"]
[Result "0-1"]
[WhiteElo "1608"]
[BlackElo "2120"]
[TimeControl "300"]
[EndTime "12:53:29 PDT"]
[Termination "mightysmasher won by checkmate"]

1. e4 e6 2. d4 d5 3. Nd2 dxe4 4. Nxe4 c5 5. Nf3 Nc6 6. Be3 Nf6 7. Nxc5 Bxc5 8. dxc5 Qa5+ 9. c3 O-O 10. Bc4 Rd8 11.
Qe2 e5 12. Ng5 Bg4 13. f3 Bh5 14. O-O h6 15. Ne4 Nxe4 16. Bxf7+ Bxf7 17. fxe4 Qc7 18. b4 a6 19. a4 Bg6 20. Qg4 Kh7 21. b5 axb5 22.
axb5 Na5 23. b6 Qc6 24. Qh3 Qxe4 25. Rae1 Qc6 26. g4 Nc4 27. Bc1 Ra2 28. g5 Qxc5+ 29.
Kh1 h5 30. Rg1 Qd5+ 31. Rg2 Be4 32. Qxh5+ Kg8 33. Re2 Qd1+ 34. Re1 Qxe1# 0-1

[Event "Live Chess"]
[Site "Chess.com"]
[Date "2023.05.20"]
[Round "-"]
[White "birdseed45"]
[Black "JoshMcK"]
[Result "1-0"]
[WhiteElo "1878"]
[BlackElo "1556"]
[TimeControl "300"]
[EndTime "12:53:32 PDT"]
[Termination "birdseed45 won by resignation"]

1. e4 c6 2. d4 d5 3. Nc3 dxe4 4. Nxe4 Nf6 5. Nxf6+ exf6 6. Nf3 Bd6 7. Bc4 O-O 8. O-O Bg4 9. h3 Bxf3 10. Qxf3 Nd7 11. c3 Nb6 12. Bb3 Qc7 13. Be3 Bh2+ 14. Kh1 Bd6 15.
c4 c5 16. d5 a5 17. Rac1 a4 18. Bd1 Nd7 19. Be2 Ne5 20. Qe4 g6 21. Bh6 Rfe8 22. Qf4 f5 23. Qg5 Be7 24. Qd2 Bf6 25. Rfe1 Rad8 26. Bd3 Nxd3 27. Qxd3 Bxb2 28. Rb1 Bd4 29. Rxe8+ Rxe8 30. Qf3 Bg7 31. Bg5 Be5 32. Qa3 f6 33.
Be3 Bd4 34. Qxa4 Re4 35. Qa8+ Kg7 36. Rxb7 1-0

[Event "Live Chess"]
[Site "Chess.com"]
[Date "2023.05.20"]
[Round "-"]
[White "manthanit"]
[Black "lateforthesky"]
[Result "0-1"]
[WhiteElo "1010"]
[BlackElo "2101"]
[TimeControl "300"]
[EndTime "12:53:40 PDT"]
[Termination "lateforthesky won by resignation"]

1. e4 c5 2. Ne2 d6 3. c4 e6 4. d4 cxd4 5. Nxd4 Nf6 6. Nc3 Be7 7. Bd3 O-O 8. O-O Nbd7 9. h3 Nc5 10. Bc2 a5 11. b3 b6 12. Nc6 Qc7 13. Nxe7+ Qxe7 14. Bg5 Rd8 15. Re1 Bb7 16. f3 h6 17. Bh4 Ncd7 18. e5 Nxe5 19. f4 Ng6 20. Qd3 Nxh4 21. g3 Ng6 22. g4 Nxf4 23. Qh7+ Nxh7 24. Bxh7+ Kxh7 0-1

[Event "Live Chess"]
[Site "Chess.com"]
[Date "2023.05.20"]
[Round "-"]
[White "Andysav3"]
[Black "Greenbecker"]
[Result "1-0"]
[WhiteElo "1696"]
[BlackElo "1628"]
[TimeControl "300"]
[EndTime "12:53:42 PDT"]
[Termination "Andysav3 won by checkmate"]

1. e4 e6 2. c4 d5 3. cxd5 exd5 4.
Qb3 Nf6 5. e5 Qe7 6. d4 c6 7.
Nf3 Nbd7 8. Nc3 g6 9. Bg5 h6 10. Bh4 g5 11. Bg3 Nh5 12. O-O-O Nxg3 13. hxg3 Bg7 14.
Bd3 a5 15. Kb1 b5 16. Bxb5 cxb5 17. Nxd5 Qd8 18. Qxb5 O-O 19. Qd3 Ba6 20. Qe4 Rb8 21.
Nc3 Qc7 22. Nxg5 f5 23. exf6 Nxf6 24. Qe6+ Kh8 25. Nd5 Nxd5 26. Rxh6+ Bxh6 27. Qxh6+ Qh7+ 28. Qxh7# 1-0

[Event "Live Chess"]
[Site "Chess.com"]
[Date "2023.05.20"]
[Round "-"]
[White "Inglaterra"]
[Black "smoggyrabbit"]
[Result "1-0"]
[WhiteElo "2077"]
[BlackElo "1667"]
[TimeControl "300"]
[EndTime "12:53:43 PDT"]
[Termination "Inglaterra won on time"]

1. c4 e6 2. e3 f5 3. Nf3 Nf6 4. b3 b6 5. Bb2 Bb7 6. d4 Be7 7.
Be2 O-O 8. O-O d6 9. Nbd2 Ne4 10. Qc2 Nd7 11. b4 Ndf6 12. c5 dxc5 13. dxc5 bxc5 14.
Rfd1 Qe8 15. bxc5 Nxc5 16. Rab1 Rb8 17. Nc4 Be4 18. Qc1 Bxb1 19. Qxb1 Nce4 20. Qa1 Rd8 21.
Nd4 Bd6 22. Nxd6 Rxd6 23. Rc1 c6 24. Ba3 c5 25. Nf3 Rd8 26. Bc4 Nd2 27. Nxd2 Rxd2 28. Qe5 Qd8 29. Qxe6+ Kh8 30. Bb3 Re8 31. Qxf5 Re2 32. g3 Qd2 33. Rd1 Re1+ 34. Rxe1 Qxe1+ 35. Kg2 Qd2 36. Bxc5 1-0

[Event "Live Chess"]
[Site "Chess.com"]
[Date "2023.05.20"]
[Round "-"]
[White "Salpingidis"]
[Black "WelshTiger"]
[Result "0-1"]
[WhiteElo "2273"]
[BlackElo "2412"]
[TimeControl "300"]
[EndTime "12:53:45 PDT"]
[Termination "WelshTiger won by resignation"]

1. d4 d5 2. c4 e6 3. Nc3 c5 4. e3 a6 5. cxd5 exd5 6. dxc5 Nf6 7. Nf3 Bxc5 8. Be2 Nc6 9. O-O O-O 10. a3 d4 11. exd4 Nxd4 12. Nxd4 Qxd4 13. Qxd4 Bxd4 14.
Bg5 Be6 15. Rfd1 Rfd8 16. Bf3 Rab8 17. Rab1 b5 18. Ne4 Bf5 19. Nxf6+ gxf6 20. Bf4 Rbc8 21. Rbc1 Bxb2 22. Rxd8+ Rxd8 23. Rc6 a5 24. h3 Kg7 25.
Rc5 Bd3 26. Bc7 Bxa3 27. Bxd8 Bxc5 28. Bxa5 b4 29. Bd5 Bc2 30. Bxb4 Bxb4 31. g4 Bd6 32. Kg2 Ba4 33. h4 Bd7 34. f3 Be6 35. Be4 Bf4 36. h5 h6 37. Kf2 Kf8 38. Kg2 Ke7 39.
Kf2 Kd6 40. Ke2 Kc5 41. Kd3 Bc4+ 42. Kc3 Bd5 43. Bd3 Bxf3 44. Bf5 Kd5 45. Kd3 Ke5 0-1

[Event "Live Chess"]
[Site "Chess.com"]
[Date "2023.05.20"]
[Round "-"]
[White "EdvancedChess"]
[Black "TheSmoulderingMaster"]
[Result "0-1"]
[WhiteElo "1890"]
[BlackElo "1743"]
[TimeControl "300"]
[EndTime "12:53:51 PDT"]
[Termination "TheSmoulderingMaster won by resignation"]

1. e4 c5 2. Nf3 d6 3. d4 cxd4 4. Nxd4 Nf6 5. Nc3 g6 6. Be3 Bg7 7. Qd2 O-O 8. f3 Nc6 9. O-O-O d5 10. exd5 Nxd5 11. Nxc6 bxc6 12. Nxd5 cxd5 13. Qxd5 Qc7 14.
Qxa8 Bf5 15. Qxf8+ Kxf8 16. Rd2 e6 17. Bd3 Qb7 18. Bc5+ Ke8 19. c3 Bxd3 20. Rxd3 Qb5 21. Rhd1 Qxc5 22. Rd8+ Ke7 23. R1d7+ Kf6 24. Rxa7 0-1

[Event "Live Chess"]
[Site "Chess.com"]
[Date "2023.05.20"]
[Round "-"]
[White "1600x"]
[Black "GMHarry-youtube"]
[Result "0-1"]
[WhiteElo "1746"]
[BlackElo "2114"]
[TimeControl "300"]
[EndTime "12:54:01 PDT"]
[Termination "GMHarry-youtube won on time"]

1. e4 c5 2. Nf3 d6 3. Qe2 Nf6 4. c3 g6 5. d4 cxd4 6. cxd4 Bg7 7. h3 O-O 8. Nc3 e5 9. dxe5 dxe5 10. Nxe5 Re8 11.
Nf3 Qa5 12. e5 Nfd7 13. Qb5 Qxb5 14. Bxb5 Bxe5 15. Nxe5 Rxe5+ 16. Be3 a6 17. Bd3 b5 18. O-O Bb7 19. Rfd1 Nc5 20. Bc2 Nc6 21. Bf4 Re6 22. Nd5 Rc8 23. Nb6 Rce8 24. Nd5 Rd8 25. Bg5 Rdd6 26.
Nc7 Rxd1+ 27. Bxd1 Re2 28. Bxe2 Nd4 29. Bd1 Nd3 30. b3 Be4 31. Nxa6 Kg7 32. Bd2 f6 33.
Nc7 b4 34. Ne8+ Kf8 35. Nxf6 Bc6 36. Ne4 Bxe4 37. f3 Bf5 38. a3 bxa3 39. Rxa3 h5 40.
Bh6+ Kf7 41. Ra7+ Ke6 42. Ra6+ Kd7 43. Ra7+ Kc6 44. f4 Bd7 45. Bf3+ Kd6 46. Ra6+ Nc6 47. Be4 Nc5 48. Bf8+ Kc7 49. Bd6+ Kb7 50. Bxc5 Kxa6 51. Bxg6 h4 52. b4 Kb5 53. Bd3+ Ka4 54. b5 Na5 55. b6 Nb7 56. Bd4 Kb4 57. Bc3+ Kxc3 58.
Be4 Nc5 59. Bf3 Kd4 60. Bh5 Ke4 61. f5 Bxf5 0-1

[Event "Live Chess"]
[Site "Chess.com"]
[Date "2023.05.20"]
[Round "-"]
[White "Jo1ts"]
[Black "sindkuu"]
[Result "0-1"]
[WhiteElo "730"]
[BlackElo "626"]
[TimeControl "300"]
[EndTime "12:54:01 PDT"]
[Termination "sindkuu won by checkmate"]

1. d4 e6 2. Bf4 g5 3. Bg3 h5 4. h3 h4 5. Bh2 b6 6. Nf3 Bb7 7. e3 Be4 8. Bd3 Nf6 9. Bxe4 Nxe4 10. Nbd2 Nxd2 11. Qxd2 d6 12. c3 Bh6 13. Qc2 O-O 14.
g3 Qf6 15. Qe4 d5 16. Qg4 hxg3 17. fxg3 Qg6 18. h4 f5 19. Qh3 g4 20. Qg2 Bxe3 21. Ng5 Nc6 22. Qe2 f4 23. gxf4 Bxf4 24. Qxe6+ Kg7 25.
Qxg6+ Kxg6 26. Ne6 Rae8 27. Bxf4 Rxf4 28. O-O-O Rxe6 29. h5+ Kg5 30. Rdf1 Rxf1+ 31. Rxf1 g3 32. Rg1 Re3 33. Kd2 Rf3 34. Ke2 Kg4 35. h6 Rf2+ 36. Ke1 Rh2 37. b3 Rxh6 38. c4 dxc4 39. bxc4 Re6+ 40.
Kd2 Nxd4 41. Kc3 Ne2+ 42. Kd2 Nxg1 43. Kd3 Nf3 44. Kc3 g2 45. Kb4 g1=Q 46. Kb5 Qc5+ 47. Ka6 Qxc4+ 48. Kb7 Qxa2 49. Kb8 c6 50. Kb7 Kf4 51.
Kc7 Ke5 52. Kd7 Rd6+ 53. Kc7 Qa6 54. Kb8 Rd8+ 55. Kc7 Qc8# 0-1

[Event "Live Chess"]
[Site "Chess.com"]
[Date "2023.05.20"]
[Round "-"]
[White "diana21strabt"]
[Black "Conradical12"]
[Result "1-0"]
[WhiteElo "1667"]
[BlackElo "1567"]
[TimeControl "300"]
[EndTime "12:54:09 PDT"]
[Termination "diana21strabt won by resignation"]

1. e4 e5 2. Nf3 Nc6 3. d4 exd4 4. Bc4 Nf6 5. O-O Bc5 6. e5 Ng4 7.
Bf4 O-O 8. h3 Na5 9. Bd3 f5 10.
hxg4 fxg4 11. Bxh7+ Kxh7 12. Ng5+ Kg8 13. Qxg4 d5 14. e6 Qf6 15. g3 Nc6 16. Nd2 Ne5 17.
Bxe5 Qxe5 18. Rae1 Qf6 19. Nb3 Bb6 20. a4 d3 21. Nh3 dxc2 22. a5 Qxb2 23. Qb4 c5 24.
Qb5 a6 25. Qxb6 Bxe6 26. Qxe6+ Kh8 27. Nxc5 Rae8 28. Qd6 Rg8 29. Nd3 Qd4 30. Nhf4 Rxe1 31. Rxe1 Qc3 32. Qc5 Qxc5 33. Nxc5 g5 34. Nxd5 Rc8 35.
Nb3 Rc4 36. Rc1 Kg7 37. Ne3 Rc3 38. Nd4 Kf6 39. Rxc2 Ke5 40. Rxc3 Kxd4 41. Rc4+ Kd3 42.
Rg4 Kc3 43. Rxg5 1-0

[Event "Live Chess"]
[Site "Chess.com"]
[Date "2023.05.20"]
[Round "-"]
[White "Doge_Dandolo"]
[Black "rideuv21"]
[Result "1-0"]
[WhiteElo "2044"]
[BlackElo "1822"]
[TimeControl "300"]
[EndTime "12:54:12 PDT"]
[Termination "Doge_Dandolo won by resignation"]

1. Nf3 c5 2. c4 Nc6 3. d4 cxd4 4. Nxd4 g6 5. g3 Bg7 6. Nc2 Nf6 7. Nc3 O-O 8. Bg2 d6 9. O-O Be6 10. Ne3 Rc8 11.
Bd2 Ne5 12. Bxb7 Rc7 13. Bg2 Nxc4 14. Nxc4 Bxc4 15. Rc1 d5 16. b3 Ba6 17. Re1 e5 18.
Bg5 d4 19. Ne4 Rxc1 20. Qxc1 h6 21. Bxf6 Bxf6 22. Qc6 1-0

[Event "Live Chess"]
[Site "Chess.com"]
[Date "2023.05.20"]
[Round "-"]
[White "tuppyglossop"]
[Black "f4nomore"]
[Result "1-0"]
[WhiteElo "1594"]
[BlackElo "1357"]
[TimeControl "300"]
[EndTime "12:54:15 PDT"]
[Termination "tuppyglossop won on time"]

1. e4 g6 2. d4 Bg7 3. Nc3 d6 4. f4 Nf6 5. Nf3 O-O 6. Be2 Nbd7 7. O-O c5 8. e5 dxe5 9. dxe5 Ng4 10. Ng5 Nh6 11. e6 Nb6 12. exf7+ Nxf7 13. Nxf7 Qxd1 14. Rxd1 Rxf7 15. Nd5 Nxd5 16. Rxd5 Be6 17. Rxc5 Rd8 18.
c3 b6 19. Rc7 a5 20. Be3 Rb8 21. a3 b5 22. Rd1 b4 23. axb4 axb4 24. cxb4 Rxb4 25.
Rd8+ Rf8 26. Rxf8+ Kxf8 27. Rc6 Bd5 28. Rc2 Be4 29. Rd2 Bxb2 30. Bc5 Rb8 31. Kf2 Bf6 32.
g3 Rc8 33. Bd4 Bxd4+ 34. Rxd4 Rc2 35. Rxe4 Kf7 36. Kf3 Kf6 37. h4 h6 38. g4 Rc3+ 39.
Re3 Rc2 40. Bd3 Rd2 41. g5+ hxg5 42. hxg5+ Kf7 43. Bc4+ Ke8 44. Re6 Rc2 45. Bb5+ Kf7 46.
Re3 e6 47. Bd3 Rc7 48. Ke4 Rd7 49. Rh3 Kg7 50. Ke5 Re7 51. Rh6 Ra7 52. Rxg6+ Kf8 53. Rxe6 Ra5+ 54. Kf6 Ra7 55. Bg6 1-0

[Event "Live Chess"]
[Site "Chess.com"]
[Date "2023.05.20"]
[Round "-"]
[White "SavagePawn7"]
[Black "KuriyamaMiraiUA"]
[Result "1-0"]
[WhiteElo "794"]
[BlackElo "678"]
[TimeControl "300"]
[EndTime "12:54:18 PDT"]
[Termination "SavagePawn7 won by checkmate"]

1. e4 c6 2. d4 d5 3. Nc3 Nf6 4. e5 Nfd7 5. Nf3 f6 6. exf6 exf6 7.
Qe2+ Be7 8. Bf4 O-O 9. O-O-O c5 10. dxc5 Nxc5 11. Rxd5 Nbd7 12. Qc4 b6 13. Rxd7+ Ne6 14.
Rxd8 Rxd8 15. Bd3 a5 16. Re1 Rd6 17. Bxd6 Bxd6 18. Rxe6 Bxe6 19. Qxe6+ Kh8 20. Qxd6 Rd8 21. Qc7 Rc8 22. Qxc8# 1-0

[Event "Live Chess"]
[Site "Chess.com"]
[Date "2023.05.20"]
[Round "-"]
[White "Hacker_2009"]
[Black "Leonid_Starozhilov"]
[Result "0-1"]
[WhiteElo "1893"]
[BlackElo "2653"]
[TimeControl "300"]
[EndTime "12:54:21 PDT"]
[Termination "Leonid_Starozhilov won by resignation"]

1. d4 Nf6 2. Nf3 g6 3. c4 Bg7 4. Nc3 O-O 5. e4 d6 6. Be2 Bg4 7. O-O Nfd7 8. h3 Bxf3 9. Bxf3 Nc6 10. d5 Nd4 11. Be2 c5 12. Be3 a6 13. f4 Rb8 14.
a4 e6 15. Rc1 exd5 16. cxd5 b5 17. axb5 axb5 18. Kh1 b4 19. Bxd4 Bxd4 20. Nb5 Bxb2 21. Rb1 Bg7 22. Nxd6 Rb6 23. Nc4 Ra6 24. Ne5 Ra3 25.
Nc6 Qh4 26. Bg4 Nf6 27. Bf3 Qxf4 28. e5 Ne4 29. Bxe4 Qxe4 30. Re1 Rxh3+ 31. Kg1 Re3 32. Qd2 Bh6 33. Qf2 Re8 34. Rbd1 Rxe1+ 35. Rxe1 Qxd5 36. Qf6 Qe6 37. Qh4 Bd2 38. Re2 Bc3 39. Na5 Bxe5 0-1

[Event "Live Chess"]
[Site "Chess.com"]
[Date "2023.05.20"]
[Round "-"]
[White "wot-not"]
[Black "ossie57"]
[Result "0-1"]
[WhiteElo "1482"]
[BlackElo "1916"]
[TimeControl "300"]
[EndTime "12:54:38 PDT"]
[Termination "ossie57 won by resignation"]

1. e4 d5 2. e5 c5 3. f4 Nc6 4.
Nf3 Bg4 5. Be2 e6 6. h3 Bxf3 7. Bxf3 Qh4+ 8. Kf1 c4 9. d4 cxd3 10. Qxd3 Bc5 11. Be3 Bxe3 12. Qxe3 Nge7 13. Nc3 Nf5 14. Qf2 Qxf2+ 15. Kxf2 O-O 16. Ne2 Rac8 17. c3 d4 18. Bxc6 Rxc6 19. Nxd4 Nxd4 20. cxd4 Rc2+ 21. Kg3 Rxb2 22.
Rhc1 h6 23. Rc7 Rd8 24. Rc4 b5 25. Rc7 a5 26. Rac1 Rxa2 27. Rb7 b4 28. Rcc7 Rf8 29.
Ra7 b3 30. Rcb7 a4 31. f5 exf5 32. d5 Ra3 33. e6 b2+ 34. Kh4 Rb3 35. Rxf7 Rxf7 36.
exf7+ Kf8 0-1

[Event "Live Chess"]
[Site "Chess.com"]
[Date "2023.05.20"]
[Round "-"]
[White "atunnacl"]
[Black "zdanevych"]
[Result "0-1"]
[WhiteElo "1732"]
[BlackElo "1532"]
[TimeControl "300"]
[EndTime "12:54:48 PDT"]
[Termination "zdanevych won on time"]

1. e4 c5 2. Nf3 e6 3. g3 d5 4. exd5 exd5 5. Bg2 Bg4 6. h3 Bh5 7. g4 Bg6 8. O-O Be7 9. d4 cxd4 10. Nxd4 Nc6 11. c3 Nf6 12. Re1 O-O 13. Bf4 Bc5 14. Nf3 Qb6 15. Be3 Bxe3 16. Rxe3 Qxb2 17. Nbd2 Be4 18. Nb3 Rfe8 19. Qe1 Bxf3 20. Bxf3 Rxe3 21. fxe3 Ne5 22. Bg2 Nc4 23. Rb1 Qxa2 24. Nd4 h6 25.
Rxb7 Re8 26. Qg3 Rxe3 27. Rb8+ Kh7 28. Qf4 Qa6 29. g5 Nh5 30. gxh6 Qxh6 31. Qf5+ Qg6 32. Qxg6+ Kxg6 33. Bxd5 Nb6 34. Bg2 Nf4 35. Rd8 Re1+ 0-1

[Event "Live Chess"]
[Site "Chess.com"]
[Date "2023.05.20"]
[Round "-"]
[White "terrub10"]
[Black "OleksiyJr1"]
[Result "0-1"]
[WhiteElo "726"]
[BlackElo "962"]
[TimeControl "300"]
[EndTime "12:54:49 PDT"]
[Termination "OleksiyJr1 won by checkmate"]

1. d4 Nf6 2. Bg5 c6 3. Bxf6 gxf6 4. e4 Bg7 5. Nf3 e5 6. Nc3 exd4 7. Nxd4 d5 8. exd5 cxd5 9. Nxd5 Qxd5 10. Bb5+ Nc6 11. Bxc6+ bxc6 12. b3 f5 13. c4 Qxd4 14. Qxd4 Bxd4 15. Rd1 Bc3+ 16. Ke2 Be6 17. Rd6 Rd8 18.
Rxc6 Rd2+ 19. Ke3 Rxa2 20. Rc8+ Bxc8 21. Rb1 Bd2+ 22. Kd3 O-O 23. c5 Rd8+ 24. Kc4 Be6+ 25. Kb5 Rb8+ 26. Kc6 Ra6+ 27. Kc7 Bf4# 0-1

[Event "Live Chess"]
[Site "Chess.com"]
[Date "2023.05.20"]
[Round "-"]
[White "chekagain"]
[Black "flyingpuffins"]
[Result "0-1"]
[WhiteElo "814"]
[BlackElo "1958"]
[TimeControl "300"]
[EndTime "12:54:57 PDT"]
[Termination "flyingpuffins won by checkmate"]

1. e4 d5 2. Nf3 dxe4 3. Ng5 Nf6 4.
Bc4 e6 5. O-O Be7 6. Nc3 O-O 7.
Qe2 Nc6 8. Ncxe4 Nxe4 9. Qxe4 g6 10. Nxe6 fxe6 11. Bxe6+ Bxe6 12. Qxe6+ Kh8 13. d3 Qd6 14. Qc4 Ne5 15. Qc3 Bf6 16. d4 Nc6 17. Qh3 Nxd4 18. Bh6 Ne2+ 19. Kh1 Rfe8 20. Rae1 Bxb2 21. Qf3 Nd4 22.
Rxe8+ Rxe8 23. Rd1 Nxf3 24. gxf3 Qxd1+ 25. Kg2 Re1 26. f4 Rg1+ 27. Kh3 Qf3+ 28. Kh4 Qg4# 0-1

[Event "Live Chess"]
[Site "Chess.com"]
[Date "2023.05.20"]
[Round "-"]
[White "LiamClery2020"]
[Black "Delacorta"]
[Result "1-0"]
[WhiteElo "2072"]
[BlackElo "1448"]
[TimeControl "300"]
[EndTime "12:55:03 PDT"]
[Termination "LiamClery2020 won by resignation"]

1. e4 e6 2. d4 d5 3. Nd2 dxe4 4. Nxe4 Bd7 5. Nf3 Bc6 6. Ng3 Nd7 7. c3 Ngf6 8. Bd3 Bxf3 9. Qxf3 c6 10. Bg5 Be7 11. O-O O-O 12. Bxf6 Nxf6 13. Nh5 Nxh5 14. Qxh5 g6 15. Qh3 Bf6 16. Rae1 Bg7 17. f4 c5 18. dxc5 Rc8 19. Rd1 Qc7 20. b4 Bxc3 21. Bxg6 fxg6 22. Qxc3 Rxf4 23. Rxf4 Qxf4 24. Rd7 Qh6 25.
Rxb7 Rd8 26. Qf3 Qc1+ 27. Kf2 Rf8 28. Qxf8+ Kxf8 29. Rxa7 Qd2+ 30. Kg3 Qxb4 31. Rc7 Qc3+ 32. Kf2 Qd2+ 33. Kg3 Qe3+ 34. Kg4 Qe4+ 35. Kh3 Qf5+ 36. g4 Qf3+ 37. Kh4 h6 38. Rh7 Qc6 39. Rxh6 Qxc5 40. Rxg6 Qf2+ 41. Kg5 Qxh2 42. Rxe6 Qd2+ 43. Kf5 Qxa2 44.
Re4 Qd5+ 45. Kf4 Kf7 46. Re5 Qd6 47. Ke4 Kg6 48. Rd5 Qe6+ 49. Re5 Qxg4+ 50. Kd5 Kf6 51. Re4 Qd7+ 52. Kc4 Qa4+ 53. Kd5 Kf5 54.
Rxa4 Kf6 55. Rf4+ Ke7 56. Rf5 1-0

[Event "Live Chess"]
[Site "Chess.com"]
[Date "2023.05.20"]
[Round "-"]
[White "reshmiramachandran"]
[Black "ZombieChainsaw"]
[Result "0-1"]
[WhiteElo "515"]
[BlackElo "1862"]
[TimeControl "300"]
[EndTime "12:55:07 PDT"]
[Termination "ZombieChainsaw won by checkmate"]

1. e4 c5 2. Nf3 Nc6 3. Bb5 g6 4. Bxc6 dxc6 5. Nc3 Bg7 6. d3 Qc7 7. O-O e5 8. Be3 b6 9. a3 Ne7 10. b4 cxb4 11. axb4 O-O 12. Qd2 f5 13. Bh6 Rd8 14. exf5 Nxf5 15. Bg5 Re8 16. Nh4 Qf7 17. Nxf5 Bxf5 18.
Ne2 Bf6 19. Bxf6 Qxf6 20. Ng3 Red8 21. Nxf5 Qxf5 22. h3 Rd4 23. g4 Qd7 24. f3 Rf8 25. Qc3 Rf7 26. Rae1 Qd6 27. Qb3 Rxb4 28. Qa2 Kg7 29.
Qa1 Qd4+ 30. Qxd4 exd4 31. Re4 c5 32. Kg2 Rb2 33. Rc1 a5 34. Kg3 a4 35. Re6 a3 36.
Rxb6 Rxb6 37. Ra1 Ra7 38. Kf4 a2 39. Kg3 Rb1 40. Rxb1 axb1=Q 41. f4 Qxc2 42. f5 Qxd3+ 43. Kh4 gxf5 44. gxf5 Qxf5 45. Kg3 Qg5+ 46. Kh2 Ra2+ 47. Kh1 Qg2# 0-1

[Event "Live Chess"]
[Site "Chess.com"]
[Date "2023.05.20"]
[Round "-"]
[White "SupremeTactician"]
[Black "KGreenGator"]
[Result "1-0"]
[WhiteElo "2377"]
[BlackElo "1787"]
[TimeControl "300"]
[EndTime "12:55:14 PDT"]
[Termination "SupremeTactician won by checkmate"]

1. e4 c5 2. Nf3 Nc6 3. d4 cxd4 4. Nxd4 e5 5. Nb5 d6 6. N1c3 a6 7. Na3 Nf6 8. Bg5 Be7 9. Bxf6 Bxf6 10. Nd5 Bg5 11.
Bd3 O-O 12. O-O b5 13. c4 b4 14. Nc2 a5 15. Nce3 Nd4 16. Nc2 Nxc2 17. Qxc2 Be6 18. b3 Rc8 19. Qe2 Rc6 20. Rad1 Qd7 21. h3 f5 22. exf5 Bxf5 23. Bxf5 Qxf5 24. Rd3 Bd8 25. Rg3 Bh4 26. Rg4 Bd8 27. Qe3 Kh8 28.
Rg3 Qe6 29. Rf3 Rg8 30. Rd1 h6 31. Qe4 Rc8 32. Nf4 Qe8 33. Ng6+ Kh7 34. Nf8+ Kh8 35. Qh7# 1-0